 Dungeon Crawl Stone Soup version 0.21.0 (webtiles) character file.

9935 Lanoc the Grappler (level 11, -11/109 HPs)
             Began as a Troll Chaos Knight on Jan 6, 2018.
             Mangled by a nine-headed hydra (14 damage)
             ... on level 10 of the Dungeon.
             The game lasted 00:27:09 (7568 turns).

Lanoc the Grappler (Troll Chaos Knight)             Turns: 7568, Time: 00:27:11

Health: -11/109    AC:  9    Str: 22    XL:     11   Next: 29%
Magic:  10/10      EV: 12    Int:  8    God:    Xom [..*...]
Gold:   579        SH: 11    Dex: 12    Spells: 10/10 levels left

rFire    . . .     SeeInvis .     - Unarmed
rCold    + + .     Gourm    +   o - +1 shield
rNeg     . . .     Faith    .   a - +2 robe
rPois    .         Spirit   .   (helmet restricted)
rElec    .         Reflect  .   l - scarf {repulsion}
rCorr    .         Harm     .   (gloves unavailable)
MR       .....                  (boots unavailable)
Stlth    ++........             (no amulet)
HPRegen  0.68/turn              I - ring of stealth
MPRegen  0.12/turn              e - ring of protection from cold

@: repel missiles
A: large, unfitting armour, claws 3, talons 3, yellow scales 1, cold resistance
1, fast metabolism 3, gourmand, regeneration 1, shaggy fur 1, tough skin 2,
sturdy frame 1
a: Renounce Religion


You were on level 10 of the Dungeon.
You worshipped Xom.
You were a toy of Xom.
You were completely stuffed.

You visited 2 branches of the dungeon, and saw 12 of its levels.
You also visited: Sewer.

You collected 579 gold pieces.

Inventory:

Hand Weapons
 y - the +5 dagger "Nyadinao" {pierce, Int+2}
   (You found it on level 5 of the Dungeon)

   It inflicts extra damage upon your enemies.
   It affects your intelligence (+2).
Missiles
 D - 2 javelins
 J - 4 large rocks (quivered)
Armour
 a - a +2 robe (worn)
 l - a scarf of repulsion (worn)
 o - a +1 shield (worn)
Jewellery
 e - a ring of protection from cold (right claw)
 q - an uncursed ring of wizardry
 I - a ring of stealth (left claw)
Wands
 h - a wand of paralysis (8)
 x - a wand of iceblast (5)
 z - a wand of flame (37)
 H - a wand of disintegration (24)
Scrolls
 c - 4 scrolls of amnesia
 f - 5 scrolls of remove curse
 g - 2 scrolls of random uselessness {unknown}
 j - 5 scrolls of magic mapping
 k - a scroll of blinking {unknown}
 m - a scroll of enchant weapon
 p - a scroll of fog
 r - 2 scrolls of enchant armour
 u - 2 scrolls of fear
 v - 2 scrolls of teleportation
 E - a scroll of vulnerability {unknown}
Potions
 d - 6 potions of haste
 i - a potion of resistance
 n - a potion of curing
 s - a potion of mutation
 t - a potion of agility
 w - 5 potions of might
 A - a potion of flight
 B - a potion of brilliance
 C - 2 potions of heal wounds
 F - a potion of magic
Comestibles
 b - 27 rations
 G - a chunk of flesh


   Skills:
 + Level 7.2 Fighting
 + Level 7.0 Dodging
 + Level 6.2 Shields
 * Level 11.7 Unarmed Combat


You had 10 spell levels left.
You didn't know any spells.

Dungeon Overview and Level Annotations

Branches:
Dungeon (11/15)            Temple (1/1) D:5
   Lair: D:8-11         Orc: D:9-12

Altars:
Ashenzari
Cheibriados
Dithmenos
Elyvilon
Fedhas
Gozag
Hepliaklqana
Kikubaaqudgha
Makhleb
Nemelex Xobeh
Okawaru
Qazlal
Sif Muna
Trog
Uskayaw
Vehumet
Wu Jian
Xom
Yredelemnul
Zin
The Shining One

Shops:
D:9 *

Portals:
Trove: D:10 (give 13 scrolls of teleportation)

Annotations:
D:10 Treasure trove, 13 ? teleportation Trove Trove


Innate Abilities, Weirdness & Mutations

You are too large for most types of armour.
You have claws for hands.
Your metabolism is lightning-fast.
You like to eat raw meat.
Your natural rate of healing is unusually fast.
You are covered in fur. (AC +1)
You have very tough skin. (AC +2)
You have claws for feet.
You are partially covered in yellow scales. (AC +2)
Your flesh is cold resistant. (rC+)
Your movements are slightly less encumbered by armour. (ER -2)


Message History

The nine-headed hydra bites you! x2
* * * LOW HITPOINT WARNING * * *
The nine-headed hydra bites you.
* * * LOW HITPOINT WARNING * * *
The nine-headed hydra bites you!
* * * LOW HITPOINT WARNING * * *
The nine-headed hydra misses you.
The nine-headed hydra bites you but does no damage.
The nine-headed hydra bites you!
* * * LOW HITPOINT WARNING * * *
You block the nine-headed hydra's attack.
As you read the scroll labeled ENWAN RAF MIUQU, it crumbles to dust.
It is a scroll of enchant weapon.
You aren't carrying any weapons that can be enchanted.
You block the nine-headed hydra's attack.
The nine-headed hydra barely misses you.
You block the nine-headed hydra's attack.
The nine-headed hydra misses you. The nine-headed hydra bites you!
You die...
Xom chortles!

.#
#..#########).####.#
.# #..# #..# #.# .#
#..# #..# #.# .#
#..# #..# #.# .#
#..# #..# #.# .#
#..# #..# #.# .#
#>.# #..# #.# .#
#..# #.D# #.# .#
#..# #.@# #.# .#
#..# #..# #.# .#
#..# #..# #.#
.###..# #..# #.#
......# #..####.#
......# #.......#
####..# #.......# #
#..# #.#####.# #
#..# #.# #.#


You could see a nine-headed hydra.

Vanquished Creatures
  Erica (D:9)
  2 two-headed ogres
  The ghost of skk the Chopper, a novice DDFi (D:4)
  A komodo dragon (D:10)
  A queen bee (D:8)
  Prince Ribbit (D:5)
  A hippogriff (D:8)
  12 yaks
  A wyvern (D:7)
  Grum (D:8)
  3 orc warriors
  2 ice beasts
  4 sky beasts
  A necrophage (D:9)
  An eye of draining (D:9)
  3 phantoms
  4 wolves (D:8)
  7 centaurs
  A big kobold (D:7)
  A crocodile (D:8)
  2 bullfrogs (D:6)
  4 scorpions
  13 killer bees (D:8)
  12 crimson imps
  A bullfrog zombie (D:8)
  A jelly (D:7)
  10 hounds
  2 quasits
  2 bullfrog skeletons (D:4)
  5 orc priests
  A centaur skeleton (D:8)
  An iguana (D:9)
  7 orc wizards
  2 worker ants
  3 hound zombies
  15 gnolls
  A howler monkey skeleton (D:9)
  8 adders
  4 river rats
  4 shadow imps
  A white imp (D:8)
  An ooze (D:1)
  An adder zombie (D:5)
  2 worms
  3 dart slugs (D:2)
  3 leopard geckos
  20 orcs
  A bat (shapeshifter) (D:4)
  9 giant cockroaches
  4 goblins
  8 hobgoblins
  13 jackals
  14 kobolds
  2 quokkas
  5 ball pythons
  9 bats
  14 frilled lizards
  A quokka skeleton (D:4)
  17 rats
275 creatures vanquished.

Vanquished Creatures (collateral kills)
  A gnoll shaman (D:2)
  A gnoll (D:2)
2 creatures vanquished.

Vanquished Creatures (others)
  A bullfrog (D:9)
  An orc priest (D:9)
  A worker ant zombie (D:9)
  3 orcs (D:9)
6 creatures vanquished.

Grand Total: 283 creatures vanquished

Notes
Turn   | Place    | Note
-------+----------+-------------------------------------------
     0 | D:1      | Lanoc the Troll Chaos Knight began the quest for the Orb.
     0 | D:1      | Reached XP level 1. HP: 22/22 MP: 0/0
   110 | D:1      | XOM: potion effect (might)
   113 | D:1      | Reached XP level 2. HP: 14/29 MP: 1/1
   275 | D:1      | Reached XP level 3. HP: 36/36 MP: 2/2
   450 | D:1      | XOM: harmless Air miscast
   671 | D:1      | XOM: give mutations
   671 | D:1      | Gained mutation: You heal very quickly. [Xom's grace]
   671 | D:1      | Gained mutation: You have sharp toenails. [Xom's grace]
   671 | D:1      | Gained mutation: You have razor-sharp toenails. [Xom's grace]
   671 | D:1      | Gained mutation: You are agile. (Dex +2) [Xom's grace]
   925 | D:2      | Reached skill level 4 in Unarmed Combat
   941 | D:2      | XOM is BORED!
   941 | D:2      | XOM: 3-stop teleportation journey
   967 | D:2      | Reached XP level 4. HP: 44/44 MP: 3/3
  1385 | D:2      | Reached XP level 5. HP: 48/53 MP: 4/4
  1648 | D:3      | XOM: give mutations
  1648 | D:3      | Gained mutation: You have claws for feet. [Xom's grace]
  1648 | D:3      | Gained mutation: You have a somewhat thin skeletal structure. (Dex +2, Stealth) [Xom's grace]
  1666 | D:3      | Reached skill level 5 in Unarmed Combat
  1686 | D:3      | XOM: scenery: create altars
  1834 | D:3      | XOM is BORED!
  1834 | D:3      | XOM: draining
  1972 | D:3      | Found an opulent altar of Gozag.
  2026 | D:3      | Reached XP level 6. HP: 42/61 MP: 5/5
  2032 | D:3      | Reached skill level 1 in Shields
  2345 | D:4      | Found an iron altar of Okawaru.
  2398 | D:4      | XOM: polymorph orc -> dart slug
  2403 | D:4      | XOM: enchant monster (bad)
  2405 | D:4      | Reached XP level 7. HP: 60/68 MP: 6/6
  2617 | D:4      | Found a hide-covered altar of Uskayaw.
  2623 | D:4      | XOM: potion effect (might)
  2625 | D:4      | Reached skill level 6 in Unarmed Combat
  2645 | D:4      | Noticed skk's ghost (novice DDFi)
  2646 | D:4      | XOM: divination: detect creatures
  2746 | D:4      | XOM: fog
  2751 | D:4      | XOM: silly message
  2754 | D:4      | XOM: enchant monster (good)
  2760 | D:4      | Killed skk's ghost
  2760 | D:4      | Reached XP level 8. HP: 50/78 MP: 7/7
  2783 | D:4      | Reached skill level 7 in Unarmed Combat
  2922 | D:5      | Entered Level 5 of the Dungeon
  2935 | D:5      | XOM: scenery: create altars
  2951 | D:5      | XOM: mild Conj miscast
  2970 | D:5      | XOM: medium Hex miscast
  2999 | D:5      | Got an ancient dagger
  3010 | D:5      | Identified the +5 dagger "Nyadinao" {pierce, Int+2} (You found it on level 5 of the Dungeon)
  3083 | D:5      | Found a glowing drain.
  3088 | Sewer    | Entered a sewer
  3233 | Sewer    | XOM: 1-stop teleportation journey
  3363 | Sewer    | XOM: mild Tmut miscast
  3484 | D:5      | Found a staircase to the Ecumenical Temple.
  3490 | Temple   | Entered the Ecumenical Temple
  3620 | D:5      | Noticed Prince Ribbit
  3627 | D:5      | XOM: 4-stop teleportation journey
  3643 | D:5      | XOM: blink monster(s)
  3657 | D:5      | Killed Prince Ribbit
  3657 | D:5      | Reached skill level 5 in Fighting
  3657 | D:5      | Reached skill level 8 in Unarmed Combat
  3940 | D:6      | Reached XP level 9. HP: 82/88 MP: 8/8
  3959 | D:6      | XOM: harmless Summ miscast
  4091 | D:6      | Reached skill level 5 in Dodging
  4131 | D:6      | XOM: summons 4 hostile demons
  4180 | D:6      | XOM: cloud trail
  4192 | D:6      | Found a shadowy altar of Dithmenos.
  4338 | D:6      | Found a deep blue altar of Sif Muna.
  4371 | D:6      | Reached skill level 9 in Unarmed Combat
  4530 | D:7      | XOM: polymorph black bear -> wyvern
  4697 | D:7      | Found a blossoming altar of Fedhas.
  4700 | D:7      | Found a white marble altar of Elyvilon.
  4766 | D:7      | XOM: divination: detect creatures
  4841 | D:7      | Found an ornate altar of the Wu Jian Council.
  4976 | D:8      | Noticed a queen bee
  4980 | D:8      | XOM: smoke on damage
  4985 | D:8      | XOM: polymorph killer bee -> river rat
  5124 | D:8      | Noticed Grum
  5131 | D:8      | Killed Grum
  5138 | D:8      | XOM: summons 4 friendly demons
  5142 | D:8      | Reached XP level 10. HP: 92/98 MP: 9/9
  5186 | D:8      | XOM: scenery: 1 doors open
  5190 | D:8      | XOM: enchant monster (good)
  5192 | D:8      | Reached skill level 10 in Unarmed Combat
  5195 | D:8      | Reached skill level 5 in Shields
  5197 | D:8      | XOM: 3-stop teleportation journey
  5455 | D:8      | Found a hazy altar of Hepliaklqana.
  5516 | D:8      | XOM: confuse monster(s)
  5566 | D:8      | XOM: give mutations
  5566 | D:8      | Gained mutation: Your flesh is cold resistant. (rC+) [Xom's grace]
  5566 | D:8      | Gained mutation: You are partially covered in yellow scales. (AC +2) [Xom's grace]
  5566 | D:8      | Gained mutation: Your movements are slightly less encumbered by armour. (ER -2) [Xom's grace]
  5776 | D:9      | Found a snail-covered altar of Cheibriados.
  5781 | D:9      | Noticed Erica
  5790 | D:9      | Killed Erica
  5838 | D:9      | XOM: summons 1 hostile shadow creature
  5945 | D:9      | Found Mytyl's Hallowed Reliquary.
  5946 | D:9      | Found a glowing golden altar of the Shining One.
  5946 | D:9      | Noticed an angel
  5965 | D:9      | XOM: stat loss: -1 Str (21/22)
  5969 | D:9      | Reached skill level 11 in Unarmed Combat
  6050 | D:9      | XOM: harmless Summ miscast
  6087 | D:9      | Noticed a two-headed ogre
  6094 | D:9      | Killed a two-headed ogre
  6109 | D:9      | Reached XP level 11. HP: 84/107 MP: 10/10
  6150 | D:9      | XOM: give mutation
  6150 | D:9      | Gained mutation: Your muscles are strong. (Str +2) [Xom's mischief]
  6286 | D:9      | XOM: mild Chrm miscast
  6394 | D:9      | XOM: give mutations
  6394 | D:9      | Lost mutation: You are agile. (Dex +2) [Xom's mischief]
  6394 | D:9      | Lost mutation: You heal very quickly. [Xom's mischief]
  6394 | D:9      | Lost mutation: Your muscles are strong. (Str +2) [Xom's mischief]
  6394 | D:9      | Lost mutation: You have a somewhat thin skeletal structure. (Dex +2, Stealth) [Xom's mischief]
  6408 | D:9      | XOM: medium Necr miscast
  6496 | D:9      | Found a radiant altar of Vehumet.
  6765 | D:9      | XOM: mild Pois miscast
  6832 | D:10     | Entered Level 10 of the Dungeon
  6915 | D:10     | XOM: 1-stop teleportation journey
  6974 | D:10     | Found a portal to a secret trove of treasure.
  7304 | D:10     | XOM: severe Chrm miscast
  7471 | D:10     | Noticed a two-headed ogre
  7473 | D:10     | XOM: confusion
  7485 | D:10     | Killed a two-headed ogre
  7560 | D:11     | Noticed a five-headed hydra
  7567 | D:10     | HP: 2/109 [nine-headed hydra (7)]
  7568 | D:10     | Mangled by a nine-headed hydra

Skill      XL: |  1  2  3  4  5  6  7  8  9 10 11 |
---------------+----------------------------------+-----
Dodging        | 2 3 4 5 6 7 |  7.0
Unarmed Combat | 4 5 6 8 9 11 | 11.7
Fighting       | 3 4 5 6 7 |  7.2
Shields        | 1 2 3 4 5 6 |  6.2

Action                   |  1- 3 |  4- 6 |  7- 9 | 10-12 || total
-------------------------+-------+-------+-------+-------++-------
Melee: Unarmed           |   100 |   127 |   275 |   225 ||   727
       Kick              |     3 |    40 |    72 |    57 ||   172
  Use: Scroll            |       |       |    15 |     8 ||    23
       Potion            |       |       |     3 |     1 ||     4
 Stab: Sleeping          |     2 |     2 |     8 |       ||    12
       Confused          |       |       |       |     1 ||     1
       Paralysed         |       |       |       |     1 ||     1
  Eat: Chunk             |    13 |    14 |    23 |    26 ||    76
Armor: Robe              |    41 |    27 |    67 |    56 ||   191
Dodge: Dodged            |    40 |    46 |   133 |   108 ||   327
       Deflected         |       |     2 |       |     1 ||     3
Block: Shield            |       |    30 |   151 |    95 ||   276
